AoeStats
← IvoryRooster

Arena

509496575Analyzed
3v3 RM · 7d ago on Sep 27, 2026· 92m 46s· 6 players
Game mode
Random Map
Map size
Normal (6 player)
Population
200
Speed
Normal
Resources
Standard
Victory
Conquest
Starting age
Dark Age
Ending age
Imperial Age
RankedLock teamsTeams togetherTeam positionsShared explorationLock speedFull tech treeHidden civsTurbo modeCheats
Victory
Defeat
🇺🇸 Huns · United States
844
+14
🇺🇸 Vikings · United States
819
+15
🇺🇸 Muisca · United States
681
+21
🇮🇳 Malians · India
849
-19
🇨🇴 Slavs · Colombia
772
-16
🇪🇸 Byzantines · Spain
759
-15
avianspyder
13:12 Feudal Age
13:42 Horse Collar
13:50 Double-Bit Axe
16:05 Stone Mining
19:57 Castle Age
19:34 Gold Mining
20:46 Heavy Plow
22:31 Bow Saw
24:28 Forging
24:23 Scale Barding Armor
25:32 Arson
28:10 Wheelbarrow
28:07 Chain Barding Armor
28:22 Iron Casting
28:02 Pikeman
30:23 Hand Cart
33:59 Imperial Age
33:26 Gold Shaft Mining
33:58 Husbandry
34:08 Bloodlines
34:32 Cavalier
36:22 Paladin
45:17 Blast Furnace
44:53 Plate Barding Armor
45:56 Halberdier
46:37 Squires
49:35 Caravan
83:38 Scale Mail Armor
IvoryRooster
11:37 Loom
14:05 Feudal Age
15:44 Gold Mining
15:44 Double-Bit Axe
15:44 Horse Collar
17:26 Forging
17:16 Scale Mail Armor
17:48 Stone Mining
18:57 Man-at-Arms
20:24 Fletching
20:37 Padded Archer Armor
21:58 Arson
25:37 Castle Age
25:38 Crossbowman
27:06 Bow Saw
27:40 Gold Shaft Mining
26:36 Long Swordsman
27:16 Squires
26:38 Pikeman
26:41 Elite Skirmisher
28:33 Heavy Plow
29:11 Iron Casting
29:10 Town Watch
30:49 Chain Mail Armor
30:30 Bodkin Arrow
32:05 Ballistics
31:41 Murder Holes
31:57 Fortified Wall
31:30 Treadmill Crane
32:01 Masonry
37:45 Imperial Age
38:49 Caravan
40:16 Chemistry
38:41 Two-Handed Swordsman
40:47 Crop Rotation
41:26 Blast Furnace
40:57 Plate Mail Armor
41:34 Two-Man Saw
41:27 Architecture
40:26 Arbalester
41:45 Siege Engineers
42:57 Bracer
43:12 Leather Archer Armor
45:18 Chieftains
47:39 Champion
50:41 Conscription
50:48 Elite Varangian Guard
53:01 Ring Archer Armor
55:55 Bogsveigar
65:34 Elite Berserk
92:23 Onager
Viridios
5:23 Loom
10:59 Feudal Age
11:25 Horse Collar
11:32 Double-Bit Axe
12:26 Gold Mining
17:07 Wheelbarrow
18:53 Champi Runner
21:05 Stone Mining
22:49 Town Watch
25:24 Fletching
27:39 Castle Age
25:42 Padded Archer Armor
25:54 Forging
25:45 Scale Mail Armor
28:21 Town Patrol
28:39 Hand Cart
28:17 Crossbowman
34:00 Squires
35:30 Bodkin Arrow
35:51 Leather Archer Armor
36:00 Herbalism
38:47 Iron Casting
38:28 Chain Mail Armor
38:17 Heavy Plow
39:25 Ballistics
40:20 Bow Saw
41:27 Masonry
40:59 Treadmill Crane
41:16 Murder Holes
42:10 Thumb Ring
47:18 Imperial Age
49:08 Huaracas
50:38 Elite Temple Guard
55:25 Chemistry
55:29 Siege Engineers
56:38 Two-Man Saw
55:59 Pikeman
56:04 Elite Skirmisher
61:45 Arbalester
65:53 Bracer
66:24 Plate Mail Armor
66:27 Crop Rotation
66:33 Gold Shaft Mining
65:34 Elite Guecha Warrior
68:52 Hoardings
72:37 Champi Warrior
74:54 Conscription
79:35 Heavy Scorpion
86:15 Arbalester
88:57 Elite Champi Warrior
Lex4hcf
7:55 Loom
10:06 Feudal Age
15:02 Horse Collar
16:23 Wheelbarrow
18:43 Castle Age
16:33 Double-Bit Axe
17:15 Gold Mining
20:46 Heavy Plow
21:09 Stone Mining
22:43 Fletching
22:55 Padded Archer Armor
23:01 Scale Barding Armor
25:54 Bow Saw
27:14 Elite Skirmisher
27:17 Pikeman
28:04 Husbandry
28:58 Chain Barding Armor
28:35 Bodkin Arrow
28:53 Forging
29:45 Hand Cart
30:22 Thumb Ring
31:51 Gold Shaft Mining
31:52 Stone Shaft Mining
36:12 Imperial Age
38:29 Ballistics
38:07 Murder Holes
37:52 Treadmill Crane
39:15 Chemistry
38:01 Treadmill Crane
38:44 Heavy Camel Rider
40:09 Plate Barding Armor
41:07 Elite Cataphract
46:56 Bracer
47:12 Leather Archer Armor
47:44 Light Cavalry
48:45 Caravan
64:35 Halberdier
66:01 Scale Mail Armor
66:35 Ring Archer Armor
66:52 Iron Casting
L3GAL
0:30 Loom
1:59 Loom
11:39 Feudal Age
14:45 Horse Collar
21:04 Castle Age
19:28 Gold Mining
21:09 Bloodlines
21:18 Forging
21:30 Light Cavalry
23:37 Wheelbarrow
25:30 Scale Barding Armor
25:57 Husbandry
27:02 Hand Cart
30:11 Iron Casting
31:00 Chain Barding Armor
30:32 Pikeman
31:13 Squires
31:28 Double-Bit Axe
31:45 Heavy Plow
32:19 Herbal Medicine
33:58 Scale Mail Armor
34:49 Stone Mining
39:03 Imperial Age
36:27 Town Watch
37:11 Caravan
38:13 Chain Mail Armor
38:41 Sanctity
40:56 Chemistry
40:49 Gold Shaft Mining
39:47 Halberdier
39:49 Capped Ram
41:59 Onager
42:00 Siege Ram
42:52 Fortified Wall
42:38 Murder Holes
43:04 Ballistics
43:29 Crop Rotation
43:12 Bow Saw
43:47 Coinage
43:17 Hussar
44:23 Padded Archer Armor
44:13 Fletching
44:40 Block Printing
45:32 Two-Man Saw
47:02 Plate Barding Armor
47:29 Blast Furnace
46:26 Bodkin Arrow
48:01 Druzhina
48:03 Detinets
49:14 Plate Mail Armor
49:00 Leather Archer Armor
48:17 Man-at-Arms
48:21 Elite Skirmisher
51:19 Siege Onager
51:24 Long Swordsman
52:33 Conscription
51:44 Sappers
52:49 Hoardings
53:02 Elite Boyar
63:14 Ring Archer Armor
63:02 Siege Engineers
64:22 Two-Handed Swordsman
73:39 Champion
VCBlade
5:31 Loom
11:19 Feudal Age
11:48 Double-Bit Axe
11:46 Horse Collar
13:35 Wheelbarrow
15:57 Stone Mining
16:00 Gold Mining
19:43 Castle Age
19:59 Man-at-Arms
20:40 Squires
21:24 Long Swordsman
22:14 Crossbowman
24:59 Elite Skirmisher
26:34 Hand Cart
26:43 Fletching
27:04 Forging
27:54 Heavy Plow
28:12 Bow Saw
29:46 Thumb Ring
29:42 Bodkin Arrow
29:55 Padded Archer Armor
30:06 Town Watch
32:52 Leather Archer Armor
33:36 Gold Shaft Mining
33:37 Stone Shaft Mining
38:41 Scale Barding Armor
38:37 Scale Mail Armor
39:13 Iron Casting
Connection lost

Rejoining the realm…

Still unreachable

The connection could not be restored.

Session expired

The server has moved on; the page needs a fresh start.